[Event "Late-Titled-Tuesday-Blitz-October-24-2023"]
[Site "Chess.com"]
[Date "2023.10.24"]
[Round "5"]
[White "Emeraldddd"]
[Black "KVAIDAN"]
[Result "1-0"]
[WhiteElo "2610"]
[BlackElo "2417"]
[TimeControl "180+1"]
[EndTime "14:56:24 PDT"]
[Termination "Emeraldddd won by checkmate"]

1. e4 e5 2. Bc4 d6 3. Nf3 Be6 4. Bb3 Nc6 5. O-O Nge7 6. d4 exd4 7. Bg5 h6 8. Bh4 g5 9. Bg3 Bg7 10. Nbd2 Qd7 11. Ba4 a6 12. Re1 b5 13. Bb3 Ng6 14.
a4 b4 15. a5 Qe7 16. Ba4 Bd7 17.
Nb3 h5 18. h3 g4 19. hxg4 hxg4 20. Nfxd4 Nxd4 21. Nxd4 Bxa4 22. Rxa4 Ne5 23. Nf5 Qg5 24.
Rxb4 Kf8 25. Rb7 Qh5 26. Kf1 Nf3 27. gxf3 gxf3 28. Nh4 Qg4 29. Qxf3 Rxh4 30. Qxg4 Rxg4 31. Rxc7 Bxb2 32. Bxd6+ Kg7 33. f3 Rh4 34. Ke2 Rd8 35. Rg1+ Kf6 36. Be7+ Ke6 37. Bxh4 Rh8 38. Bf2 Rh2 39.
Rd1 Be5 40. Rc6+ Ke7 41. Ke3 Bf6 42. Rd7+ Kxd7 43. Rxf6 Rh1 44. Rxa6 Rb1 45. Ra7+ Ke6 46. a6 Ra1 47. Ra8 f5 48. a7 Kf7 49. exf5 Ra2 50. Kd2 Ra4 51. Rh8 Kf6 52. a8=Q Kxf5 53. Qe4+ Rxe4 54.
fxe4+ Kxe4 55. Re8+ Kd5 56. Re5+ Kc4 57. Rc5+ Kb4 58.
Rc4+ Kb5 59. Rb4+ Kxb4 60. c3+ Kc4 61. Kc2 Kd5 62. Kd3 Kc6 63. c4 Kd6 64. Kd4 Kc6 65. c5 Kd7 66. Kd5 Kc7 67. c6 Kd8 68. Kd6 Kc8 69. c7 Kb7 70. Kd7 Ka6 71. c8=Q+ Kb5 72.
Qc6+ Kb4 73. Qc5+ Kb3 74. Bd4 Ka2 75. Qb5 Ka3 76. Bh8 Ka2 77. Kd6 Ka3 78. Kd5 Ka2 79.
Kd4 Ka3 80. Kc3 Ka2 81. Bg7 Ka3 82. Bf8+ Ka2 83. Qb2# 1-0

[Event "Late-Titled-Tuesday-Blitz-October-24-2023"]
[Site "Chess.com"]
[Date "2023.10.24"]
[Round "5"]
[White "effefe"]
[Black "DonJuanEGenaro"]
[Result "1-0"]
[WhiteElo "2341"]
[BlackElo "1851"]
[TimeControl "180+1"]
[EndTime "14:56:25 PDT"]
[Termination "effefe won on time"]

1. d4 Nf6 2. c4 c5 3. d5 e6 4. Nc3 exd5 5. cxd5 d6 6. e4 g6 7. f4 Bg7 8. Bb5+ Bd7 9. e5 dxe5 10. fxe5 Ng8 11. e6 Qh4+ 12. Kf1 Bxb5+ 13. Nxb5 Qc4+ 14. Qe2 Qxe2+ 15. Nxe2 fxe6 16. Nc7+ Kd7 17. Nxa8 exd5 18. Bf4 Na6 19. Rd1 Ne7 20. Nc3 Bxc3 21. bxc3 Rf8 22. g3 g5 23. Rb1 Kc6 24. Re1 Kd7 25. Rb1 gxf4 26. Rxb7+ Kd6 27. Rxa7 fxg3+ 28. Kg2 Rf2+ 29. Kxg3 Rxa2 30. Nc7 Nc6 31. Rxa6 Rc2 32. Nb5+ Kd7 33. Rf1 Ne5 34. Rd6+ Ke7 35. Rxd5 Ng6 36. Re1+ Kf6 37. Rd6+ Kg5 38. Rd5+ Kf6 39. Rxc5 Ne7 40. Rf1+ Kg6 41.
Re5 Ng8 42. Re6+ Kg7 43. h4 Rd2 44. h5 h6 45. Rf3 1-0

[Event "Late-Titled-Tuesday-Blitz-October-24-2023"]
[Site "Chess.com"]
[Date "2023.10.24"]
[Round "5"]
[White "santosalberto1987"]
[Black "karinachess1"]
[Result "0-1"]
[WhiteElo "2431"]
[BlackElo "2635"]
[TimeControl "180+1"]
[EndTime "14:56:27 PDT"]
[Termination "karinachess1 won on time"]

1. e4 e5 2. Nf3 Nc6 3. Bc4 Nf6 4.
d3 h6 5. c3 d6 6. O-O g5 7. Bb3 Bg7 8. Re1 g4 9. Nfd2 h5 10. Nf1 Be6 11. f4 gxf3 12. Qxf3 Qd7 13. Bg5 Nh7 14. Bh4 Bg4 15. Qf2 f6 16. Ne3 O-O-O 17.
Nd2 Ng5 18. Nxg4 hxg4 19. Bxg5 fxg5 20. Rf1 Rdf8 21. Qg3 Rf4 22. Nc4 Ne7 23. Ne3 Rhf8 24. Nd5 Nxd5 25. Bxd5 c6 26. Bb3 Qc7 27. Qe3 Bh6 28.
Qxa7 Kd7 29. g3 Rf3 30. Qa4 Rxd3 31. Rxf8 Bxf8 32. Qc4 Qb6+ 33. Kh1 Rf3 34. Qe6+ Kc7 35. Qxg4 Qe3 36. Bc4 Rf2 37. Rf1 d5 38. exd5 cxd5 39. Bb5 Bc5 40. Rxf2 Qxf2 41. Qd1 Kd6 42. Qf1 Qxb2 43.
Qf6+ Kc7 44. Qxe5+ Kb6 45. Bf1 Qf2 46. Qe6+ Ka7 0-1

[Event "Late-Titled-Tuesday-Blitz-October-24-2023"]
[Site "Chess.com"]
[Date "2023.10.24"]
[Round "5"]
[White "alexrustemov"]
[Black "Grischuk"]
[Result "1/2-1/2"]
[WhiteElo "2801"]
[BlackElo "2989"]
[TimeControl "180+1"]
[EndTime "14:56:28 PDT"]
[Termination "Game drawn by repetition"]

1. d4 e6 2. c4 b6 3. Nf3 Bb7 4. a3 f5 5. Nc3 Nf6 6. g3 Ne4 7. Bd2 Be7 8. Bg2 O-O 9. O-O Bf6 10. Rc1 Qe7 11. Qc2 Nxc3 12. Bxc3 Be4 13. Qd2 a5 14. Rfd1 a4 15. Bb4 c5 16. Bc3 Ra7 17. Ne5 Bxg2 18.
Kxg2 Rc8 19. Nf3 Nc6 20. d5 Na5 21. dxe6 dxe6 22. Bxf6 Qxf6 23. Rc3 Raa8 24. Qc2 Nb3 25. Rcd3 Rd8 26. e4 Nd4 27. Nxd4 cxd4 28. exf5 Qxf5 29. Qe2 e5 30. f4 exf4 31. Rxd4 Rxd4 32. Rxd4 fxg3 33.
hxg3 h6 34. Qf3 Qxf3+ 35. Kxf3 Rc8 36. Rd6 Rxc4 37. Rxb6 Kh7 38. Kg2 Rc2+ 39. Kh3 h5 40.
b3 axb3 41. Rxb3 Ra2 42. g4 Kh6 43. gxh5 Kxh5 44. Rb5+ g5 45. Ra5 Rb2 46. Ra4 Rb3+ 47. Kg2 g4 48. Ra8 Kh4 49. Rh8+ Kg5 50. Rg8+ Kh4 51.
Rh8+ Kg5 52. Rg8+ Kh4 53. Rh8+ 1/2-1/2

[Event "Late-Titled-Tuesday-Blitz-October-24-2023"]
[Site "Chess.com"]
[Date "2023.10.24"]
[Round "5"]
[White "Andrei_Skvortsov"]
[Black "Mykola-Bortnyk"]
[Result "0-1"]
[WhiteElo "2662"]
[BlackElo "2954"]
[TimeControl "180+1"]
[EndTime "14:56:32 PDT"]
[Termination "Mykola-Bortnyk won by resignation"]

1. e4 Nf6 2. Nc3 d5 3. e5 Nfd7 4. Nxd5 Nxe5 5. Ne3 c5 6. Nf3 Nbc6 7.
Bb5 Bd7 8. O-O e6 9. Be2 Bd6 10. Nc4 Nxf3+ 11. Bxf3 Bxh2+ 12. Kxh2 Qh4+ 13. Kg1 Qxc4 14. Re1 Nd4 15. Bxb7 Rb8 16. Be4 Bc6 17. b3 Qa6 18. c3 Bxe4 19. cxd4 Qc6 20. Qg4 Bg6 21. Ba3 O-O 22. Bxc5 Rfd8 23. Bxa7 Rb4 24. Qf3 Qxf3 25.
gxf3 Ra8 26. Bc5 Rb7 27. Re3 h5 28. a4 Bc2 29. Ra3 g5 30. Rc3 Bd1 31. a5 Ra6 32. b4 Be2 33. Re3 Bc4 34. Rac3 Bd5 35. Kh2 Kg7 36. Rc1 Kg6 37. Rg1 f6 38. f4 g4 39. Kg3 Kf5 40. Kh4 Kxf4 41. Rb1 Rxa5 42. bxa5 Rxb1 43. Kxh5 Be4 44. Kh6 Rb7 45. Rxe4+ Kxe4 46.
a6 Rb8 47. Kg6 f5 48. Kf6 f4 49. Kxe6 Re8+ 50. Kd7 Ra8 51. a7 Kd5 52. Kc7 g3 53. fxg3 f3 54. Kb7 Rxa7+ 55. Kxa7 f2 56. Kb6 f1=Q 57.
Kc7 Qg2 58. Kd7 Qxg3 59. Ke7 Qg7+ 60. Kd8 Qb7 0-1

[Event "Late-Titled-Tuesday-Blitz-October-24-2023"]
[Site "Chess.com"]
[Date "2023.10.24"]
[Round "5"]
[White "Vamostodorecto"]
[Black "NikolaGry"]
[Result "1/2-1/2"]
[WhiteElo "2455"]
[BlackElo "2724"]
[TimeControl "180+1"]
[EndTime "14:56:35 PDT"]
[Termination "Game drawn by repetition"]

1. e4 d5 2. exd5 Nf6 3. Nf3 Nxd5 4. Nc3 c6 5. d4 Bf5 6. Bd3 Bg6 7. O-O e6 8. Ne5 Bd6 9. f4 Nd7 10. Ne4 Be7 11.
c4 Nb4 12. Bb1 Nxe5 13. fxe5 c5 14. a3 Nc6 15. d5 Nxe5 16. d6 Bxe4 17. Bxe4 Bxd6 18.
Bf4 O-O 19. Kh1 Nxc4 20. Qc2 f5 21. Qxc4 Bxf4 22. Qxe6+ Kh8 23. Bxb7 Qh4 24. g3 Bxg3 25. Qe2 Rae8 26. Qg2 Bb8 27. Rg1 g6 28. Bf3 Qf6 29.
Rac1 Bd6 30. Rcd1 Be5 31. Qc2 Bd4 32. Rg2 Re3 33. Qf2 Rfe8 34. Qf1 Qe5 35. b4 Qf4 36.
Be2 Qe5 37. Bf3 g5 38. bxc5 g4 39. Bxg4 fxg4 40. Rxg4 Re1 41. Rxe1 Qxe1 42. Qxe1 Rxe1+ 43. Kg2 Rg1+ 44. Kf3 Rxg4 45. Kxg4 Bxc5 46. Kf5 Bxa3 47. Ke6 Bf8 48. Kf7 a5 49. Kxf8 a4 50. h4 a3 51. h5 a2 52. h6 a1=Q 53. Kf7 Qf6+ 54. Kxf6 Kg8 55. Kg5 Kf7 56. Kf5 Ke7 57. Ke5 Kf7 58.
Kf5 Ke7 59. Ke5 Kf7 60. Kf5 1/2-1/2

[Event "Late-Titled-Tuesday-Blitz-October-24-2023"]
[Site "Chess.com"]
[Date "2023.10.24"]
[Round "5"]
[White "maximnovik"]
[Black "Nf3c5"]
[Result "0-1"]
[WhiteElo "2493"]
[BlackElo "2625"]
[TimeControl "180+1"]
[EndTime "14:56:35 PDT"]
[Termination "Nf3c5 won on time"]

1. e4 c5 2. Nf3 Nc6 3. Bb5 e6 4.
O-O Nge7 5. c3 a6 6. Ba4 b5 7.
Bc2 c4 8. b3 Bb7 9. bxc4 bxc4 10. Re1 Qc7 11. Ba3 Ng6 12. Bxf8 Rxf8 13. Na3 Na5 14. Rb1 Rc8 15. Rb4 f6 16. e5 Kf7 17.
Bxg6+ hxg6 18. Nc2 Rh8 19. Ncd4 Bd5 20. Qb1 g5 21. h3 Rb8 22. exf6 gxf6 23. Rxb8 Qxb8 24. Qc2 Nc6 25. Rb1 Qf4 26. Nh2 Be4 27. Qb2 Bxb1 28. Qxb1 Nxd4 29. cxd4 Qxd4 30. Nf3 Qd3 31. Qb7 a5 32. a4 Kg6 33. Qb5 Qc2 34. Qxd7 g4 35.
Ne5+ Kf5 36. Nxg4 Qd1+ 37. Kh2 Qxg4 38. f3 Qf4+ 39. Kg1 Qe5 40. Qg7 Qe1+ 41. Kh2 Qh4 42.
Qd7 Kg6 43. Qxe6 Qf4+ 44. Kg1 Qf5 45. Qxc4 Rd8 46. g4 Qd3 47. Qf4 Qd4+ 48. Qxd4 Rxd4 0-1

[Event "Late-Titled-Tuesday-Blitz-October-24-2023"]
[Site "Chess.com"]
[Date "2023.10.24"]
[Round "5"]
[White "Binary010"]
[Black "Thjop"]
[Result "1-0"]
[WhiteElo "2857"]
[BlackElo "2637"]
[TimeControl "180+1"]
[EndTime "14:56:36 PDT"]
[Termination "Binary010 won on time"]

1. e4 e6 2. d4 d5 3. Nc3 Bb4 4. exd5 exd5 5. Bd3 Nc6 6. a3 Bd6 7. Be3 Nge7 8. Qh5 Be6 9. Nb5 a6 10. Nxd6+ Qxd6 11. O-O-O O-O-O 12. Nf3 h6 13. Rhe1 g6 14.
Qh4 Bf5 15. Bf4 Qd7 16. Qf6 Bxd3 17. Rxd3 Qf5 18. Qxf5+ Nxf5 19. g4 Nd6 20. Ne5 Nxe5 21. dxe5 Ne4 22. Be3 Ng5 23. h4 Nf3 24. Red1 c6 25.
Bb6 Nxe5 26. Bxd8 Nxd3+ 27. Rxd3 Rxd8 28. Rf3 Rd7 29. h5 Kc7 30. Rf6 gxh5 31. gxh5 Kd8 32. Rxh6 Ke7 33. Kd2 Kf8 34. Rf6 Kg7 35. Rf5 f6 36. Kd3 c5 37. b4 b6 38. bxc5 bxc5 39.
c4 dxc4+ 40. Kxc4 Rd2 41. Kxc5 Rb2 42. Kc4 Kf7 43. f4 Ke6 44. Ra5 Kf7 45. Rxa6 Rf2 46. Kd5 Rxf4 47. Ra7+ Kg8 48. a4 Rf5+ 49. Ke6 Rxh5 50.
a5 Rh1 51. a6 Ra1 52. Kxf6 1-0

[Event "Late-Titled-Tuesday-Blitz-October-24-2023"]
[Site "Chess.com"]
[Date "2023.10.24"]
[Round "5"]
[White "balachess2006"]
[Black "eljanov"]
[Result "0-1"]
[WhiteElo "2574"]
[BlackElo "2799"]
[TimeControl "180+1"]
[EndTime "14:56:39 PDT"]
[Termination "eljanov won on time"]

1. Nf3 d5 2. d4 Nf6 3. c3 c6 4.
Qc2 h6 5. g3 e6 6. Bg2 c5 7.
O-O Nc6 8. dxc5 Bxc5 9. a3 a5 10. c4 d4 11. Bf4 Nd7 12. e3 dxe3 13. Bxe3 Bxe3 14. fxe3 O-O 15. Nc3 Nde5 16. Na4 Qc7 17.
c5 Nxf3+ 18. Bxf3 Ne5 19. Bg2 Bd7 20. Nb6 Rad8 21. b4 axb4 22. axb4 Bc6 23. Rad1 Bxg2 24. Qxg2 Nd3 25. Qe4 Ne5 26. Qf4 g5 27. Qe4 Kg7 28. Nc4 Nxc4 29. Qxc4 Qe5 30. Kf2 Qb2+ 31. Kg1 Qe5 32. Kf2 h5 33. Rd4 Ra8 34. Rfd1 Ra3 35.
R4d3 Qf6+ 36. Kg2 Rfa8 37. Qd4 Rxd3 38. Rxd3 Ra2+ 39. Kg1 Rb2 40. Qxf6+ Kxf6 41. Rd4 g4 42. Rf4+ Kg6 43. Rd4 f5 44. Rd6 Kf6 45. Rb6 Ke5 46.
Rxb7 Ke4 47. Re7 Kf3 48. h4 Kxg3 49. Kf1 Kf3 50. Ke1 g3 51. Rg7 g2 52. c6 Rxb4 53. c7 Rc4 54. Kd2 Rxc7 0-1

[Event "Late-Titled-Tuesday-Blitz-October-24-2023"]
[Site "Chess.com"]
[Date "2023.10.24"]
[Round "5"]
[White "Apocalyps999"]
[Black "jk13"]
[Result "0-1"]
[WhiteElo "2329"]
[BlackElo "2692"]
[TimeControl "180+1"]
[EndTime "14:56:40 PDT"]
[Termination "jk13 won by resignation"]

1. e4 e5 2. Nf3 Nc6 3. Bb5 a6 4. Ba4 Nf6 5. O-O b5 6. Bb3 Bc5 7. c3 d6 8. d4 Bb6 9. h3 h6 10.
Re1 O-O 11. Be3 Rb8 12. Nbd2 Re8 13. dxe5 Bxe3 14. exf6 Bxd2 15. Qxd2 Qxf6 16. Rad1 Bxh3 17. Qd5 Ne5 18. Nxe5 Rxe5 19. Qxf7+ Qxf7 20. Bxf7+ Kxf7 21. gxh3 Rbe8 22. f3 d5 23. Kf2 dxe4 24. Rd7+ R8e7 25. Rxe7+ Kxe7 26. fxe4 Ke6 27. Kf3 Rh5 28. Kg4 Rg5+ 29.
Kf3 h5 30. Rd1 h4 31. Rd5 Rg3+ 32. Kf4 Rxh3 33. Rg5 Rg3 34. Rc5 Kd6 35. Rh5 Ke6 36. Re5+ Kd6 37. Rh5 g5+ 38. Kf5 h3 39. Rh6+ Kd7 40.
Rh7+ Kc6 41. e5 g4 42. e6 Re3 43. Kxg4 Rxe6 44. Rxh3 Re2 45. Kf4 Rxb2 46. Ke4 Rxa2 47. Kd4 Rd2+ 48. Ke3 Rd6 49. Rh5 Kb6 50. c4 bxc4 51.
Rh4 Kb5 52. Rh7 c5 53. Rb7+ Ka4 54. Rc7 Kb4 55. Rb7+ Ka3 56. Rc7 c3 57. Rxc5 Kb2 58. Rc8 c2 59. Rb8+ Kc1 60. Rc8 Kd1 0-1

[Event "Late-Titled-Tuesday-Blitz-October-24-2023"]
[Site "Chess.com"]
[Date "2023.10.24"]
[Round "5"]
[White "Malev212"]
[Black "Skatchkov_V"]
[Result "0-1"]
[WhiteElo "2640"]
[BlackElo "2569"]
[TimeControl "180+1"]
[EndTime "14:56:40 PDT"]
[Termination "Skatchkov_V won on time"]

1. e4 e5 2. Nf3 d5 3. Nxe5 Bd6 4. d4 dxe4 5. Nc3 Bxe5 6. dxe5 Qxd1+ 7. Nxd1 Nc6 8. Bf4 Bf5 9. Ne3 Bd7 10. O-O-O O-O-O 11. Bc4 Be6 12. Bxe6+ fxe6 13. Rxd8+ Kxd8 14. h4 Nge7 15. h5 Rf8 16. g3 Ke8 17. Re1 Nd5 18. Ng2 Rf5 19. Rxe4 Rxh5 20. c4 Nde7 21. g4 Rh1+ 22. Kd2 Rg1 23. Ne3 h6 24. Bg3 g6 25. a3 a5 26. Kc2 b6 27. Kb3 Rb1 28. Ka2 Re1 29.
Nd5 Rxe4 30. Nf6+ Kf7 31. Nxe4 h5 32. Ng5+ Ke8 33. Nxe6 Kd7 34. Ng7 hxg4 35. e6+ Kd8 36. Kb3 Nf5 37. Nxf5 gxf5 38. Kc3 Ne7 39. Kd4 Ng6 40.
Ke3 c6 41. Bd6 b5 42. cxb5 cxb5 43. Kd4 Ke8 44. Kc5 f4 45. Kxb5 g3 46. fxg3 f3 47. Bc5 Ne5 48. Kxa5 Nd3 49. Bd4 Nxb2 50. Kb5 Ke7 51. a4 Kxe6 52. a5 Kd5 0-1

[Event "Late-Titled-Tuesday-Blitz-October-24-2023"]
[Site "Chess.com"]
[Date "2023.10.24"]
[Round "5"]
[White "NMJeevanK"]
[Black "Tunahan_Makaraci"]
[Result "0-1"]
[WhiteElo "2590"]
[BlackElo "2438"]
[TimeControl "180+1"]
[EndTime "14:56:40 PDT"]
[Termination "Tunahan_Makaraci won by resignation"]

1. e4 Nf6 2. e5 Nd5 3. d4 d6 4. c4 Nb6 5. exd6 cxd6 6. Nc3 g6 7. Nf3 Bg7 8. h3 O-O 9. Be2 Nc6 10. Be3 Bf5 11. a3 d5 12. c5 Nc4 13. Bxc4 dxc4 14. O-O Bd3 15. Re1 Re8 16. Qa4 Nxd4 17. Nxd4 Bxd4 18. Bxd4 Qxd4 19. c6 bxc6 20. Qxc6 Rac8 21.
Qa4 Rb8 22. Rad1 Kg7 23. Re3 Rbd8 24. Qb4 Rb8 25. Qa4 e5 26. Rd2 Re6 27. Qa5 e4 28.
Qc7 Rbb6 29. Qxa7 Qe5 30. Qa4 f5 31. Qd7+ Re7 32. Qd8 Rd6 33. Qb8 Rde6 34. Qxe5+ Rxe5 35. g3 g5 36. f4 exf3 37. Rxf3 Re1+ 38. Kg2 Rc1 39.
Rff2 Ree1 40. Kf3 Kg6 41. g4 f4 42. h4 Re3+ 43. Kg2 Rg3+ 44. Kh2 Rxg4 45. hxg5 Kxg5 46. Rg2 h5 47. Nd5 f3 48. Rxg4+ hxg4 49. Kg3 Rg1+ 50. Kf2 Rg2+ 51. Ke3 Rxd2 52. Kxd2 f2 53. Ne3 g3 54. b3 f1=Q 55. Nxf1 Bxf1 56. Ke1 g2 57. Kf2 cxb3 0-1

[Event "Late-Titled-Tuesday-Blitz-October-24-2023"]
[Site "Chess.com"]
[Date "2023.10.24"]
[Round "5"]
[White "koncheto"]
[Black "OK97"]
[Result "1-0"]
[WhiteElo "2572"]
[BlackElo "2750"]
[TimeControl "180+1"]
[EndTime "14:56:42 PDT"]
[Termination "koncheto won on time"]

1. e4 c5 2. Nf3 d6 3. d4 cxd4 4. Nxd4 Nf6 5. f3 e5 6. Nb3 a5 7.
a4 Be7 8. c4 Nc6 9. Nc3 Nb4 10.
Be3 O-O 11. Be2 Be6 12. Rc1 Nh5 13. Qd2 Rc8 14. Nd5 Nxd5 15. cxd5 Rxc1+ 16. Qxc1 Bd7 17. Qc3 b6 18. Bb5 Bxb5 19. axb5 Bg5 20. O-O Nf4 21. Kh1 f5 22. Qc6 fxe4 23. Bxb6 Qe7 24.
fxe4 Nd3 25. Rb1 a4 26. Qc2 Nb4 27. Qc4 axb3 28. Qxb4 Qf6 29. Bg1 Qh6 30. b6 Qh4 31.
b7 Rb8 32. Ba7 Bf4 33. Bg1 Qe7 34. Qxb3 Rxb7 35. Qa4 h5 36. b4 h4 37. h3 Qg5 38.
Bf2 Rf7 39. Qc2 Bd2 40. Rf1 Be3 41. Kg1 Bf4 42. b5 Rb7 43. Qc8+ Kh7 44. Qxb7 Qg6 45. Qc8 Qxe4 46. Qg4 Qxd5 47. Qxh4+ Kg8 48. Bg3 Be3+ 49.
Kh1 Qxb5 50. Rf3 Qb1+ 51. Be1 Qd3 52. Qg3 Qb1 53. Rxe3 1-0

[Event "Late-Titled-Tuesday-Blitz-October-24-2023"]
[Site "Chess.com"]
[Date "2023.10.24"]
[Round "5"]
[White "Gyulamiryan-koryun"]
[Black "Yushko_Olga"]
[Result "0-1"]
[WhiteElo "1940"]
[BlackElo "2130"]
[TimeControl "180+1"]
[EndTime "14:56:42 PDT"]
[Termination "Yushko_Olga won on time"]

1. e4 e6 2. d4 d5 3. Nd2 Nf6 4. e5 Nfd7 5. Bd3 c5 6. c3 Nc6 7. Ne2 Be7 8. O-O O-O 9. a3 f6 10. exf6 Bxf6 11. dxc5 Nxc5 12. Bc2 e5 13. Nb3 Nxb3 14.
Bxb3 Be6 15. f4 Qb6+ 16. Kh1 Rad8 17. fxe5 Nxe5 18. Nd4 Bg4 19. Qc2 Nc4 20. Nf5 Bxf5 21. Rxf5 Qe6 22. Rf1 Bxc3 23. Rxf8+ Rxf8 24. Bg5 Bxb2 25.
Rb1 Qf5 26. Qxf5 Rxf5 27. Bh4 Bxa3 28. h3 Bd6 29. g3 Nd2 30. Rc1 Nxb3 31. Rc8+ Rf8 32.
Rc3 Nc5 33. Kg2 d4 34. Rc4 d3 35.
Rd4 Be5 36. Rd5 d2 37. Rxd2 b6 38. Be7 Re8 39. Bg5 Ne4 40. Ra2 Nxg5 41. Rxa7 Bd4 42. h4 Re2+ 43. Kf1 Rf2+ 44. Ke1 Nf3+ 45. Kd1 Rd2+ 46.
Kc1 Bb2+ 47. Kb1 Bd4 48. Ra8+ Kf7 49. h5 b5 0-1

[Event "Late-Titled-Tuesday-Blitz-October-24-2023"]
[Site "Chess.com"]
[Date "2023.10.24"]
[Round "5"]
[White "zajka-molotok"]
[Black "rychessmaster1"]
[Result "0-1"]
[WhiteElo "2549"]
[BlackElo "2691"]
[TimeControl "180+1"]
[EndTime "14:56:49 PDT"]
[Termination "rychessmaster1 won by resignation"]

1. e4 e5 2. Nf3 Nc6 3. Nc3 Nf6 4.
Bb5 Bb4 5. O-O O-O 6. Bxc6 dxc6 7. d3 Bg4 8. h3 Bxf3 9. Qxf3 Re8 10. Bg5 Be7 11.
Ne2 Nd7 12. Be3 Nf8 13. Ng3 g6 14. Qe2 Ne6 15. Qg4 Bg5 16. Ne2 Qf6 17. Bxg5 Qxg5 18.
Qxg5 Nxg5 19. f4 exf4 20. Rxf4 f5 21. Nc3 fxe4 22. h4 Ne6 23. Rxe4 Nc5 24. Rf4 Re7 25. Raf1 Rae8 26. R4f2 Kg7 27. b4 Nd7 28. Ne4 Rf8 29. g4 Rxf2 30. Rxf2 h6 31. g5 hxg5 32. hxg5 b6 33. Kg2 Re5 34. Kg3 a5 35. a3 axb4 36.
axb4 c5 37. c3 c4 38. Rd2 Nf8 39. Kf4 Rf5+ 40. Ke3 cxd3 41. Rxd3 Rf1 42. Kd4 Re1 43.
Nf6 Ne6+ 44. Kc4 Nxg5 45. Nd5 Ne6 46. Nxc7 Nxc7 47. Rd7+ Kf6 48. Rxc7 g5 49. Rc6+ Re6 50. Rc8 g4 51. Rg8 Kf5 52. Kb5 Rg6 53. Rf8+ Ke4 54.
c4 g3 55. Rf1 Kd4 56. c5 bxc5 57. bxc5 g2 58. Rd1+ Ke3 59. Rg1 Kd4 60. Rd1+ Ke5 61. c6 g1=Q 62. Rxg1 Rxg1 63. c7 Rc1 64. Kb6 Kd6 0-1

[Event "Late-Titled-Tuesday-Blitz-October-24-2023"]
[Site "Chess.com"]
[Date "2023.10.24"]
[Round "5"]
[White "wild3000"]
[Black "Likvidator228"]
[Result "1/2-1/2"]
[WhiteElo "2396"]
[BlackElo "2586"]
[TimeControl "180+1"]
[EndTime "14:56:52 PDT"]
[Termination "Game drawn by repetition"]

1. d4 f5 2. e4 fxe4 3. Nc3 Nf6 4. Bg5 e6 5. Nxe4 Be7 6. Nxf6+ Bxf6 7. Be3 b6 8. Bd3 Bb7 9. Qh5+ g6 10. Qh3 Qe7 11.
c3 Nc6 12. Nf3 O-O-O 13. O-O g5 14. Qh5 Rdg8 15. a4 g4 16. Nd2 Qe8 17. Qxe8+ Rxe8 18. Ne4 Be7 19. b4 a5 20. b5 Nd8 21. c4 Nf7 22. c5 Kb8 23. c6 dxc6 24. bxc6 Bxc6 25. Rfc1 Bd5 26. Rab1 Nd6 27. Nc3 Bb7 28. Bf4 Rc8 29. Nb5 Nxb5 30. Bxb5 Bd6 31. Bxd6 cxd6 32. Bd7 Rxc1+ 33.
Rxc1 e5 34. dxe5 dxe5 35. Bxg4 Rg8 36. Bh3 Rd8 37. Re1 Rd4 38. Ra1 Bc6 39. Bf5 h6 40.
h4 Rxh4 41. Re1 Rxa4 42. Rxe5 Ra1+ 43. Kh2 a4 44. Re6 Kc7 45. Rxh6 a3 46. Rh7+ Kd6 47. Rh6+ Kc5 48. Be6 Re1 49. Rh5+ Kb4 50. Rh4+ Ka5 51. Bg8 b5 52. Rh6 Be4 53. Re6 Re2 54. f3 Bxf3 55. Rxe2 Bxe2 56. Kg1 b4 57. Kf2 Bd1 58. Ke1 Bg4 59.
Kd2 Ka4 60. Kc1 b3 61. Bxb3+ Kxb3 62. Kb1 Be2 63. Ka1 Ka4 64. g4 Bxg4 65. Kb1 Bd7 66. Ka1 Kb3 67. Kb1 Ka4 68. Ka1 Kb3 69. Kb1 Ka4 1/2-1/2

[Event "Late-Titled-Tuesday-Blitz-October-24-2023"]
[Site "Chess.com"]
[Date "2023.10.24"]
[Round "5"]
[White "tdf98pantani"]
[Black "Angry_Twin"]
[Result "0-1"]
[WhiteElo "2661"]
[BlackElo "2935"]
[TimeControl "180+1"]
[EndTime "14:56:53 PDT"]
[Termination "Angry_Twin won on time"]

1. e4 c5 2. Nf3 d6 3. d4 cxd4 4. Nxd4 Nf6 5. Nc3 a6 6. Be2 e5 7. Nb3 Be7 8. g4 h6 9. h4 b5 10. a3 Bb7 11. Bf3 Nfd7 12. Nd5 Nc6 13. Nxe7 Qxe7 14.
Be3 Nc5 15. Qd2 O-O-O 16. O-O-O Kb8 17. Qc3 Ne6 18. Kb1 Rc8 19. Qd2 Rhd8 20. g5 hxg5 21. hxg5 g6 22. Rh7 Ncd4 23. Bg2 Rxc2 24. Qd3 Rcc8 25. Nxd4 exd4 26. Bxd4 Nxg5 27. Rh4 Ne6 28. Rg4 Nxd4 29. Qxd4 Qe5 30. Rg3 Qf4 31. Rgd3 Rd7 32. f3 Qg3 33. R3d2 Rc4 34. Qb6 Rc6 35. Qa5 Rdc7 36. Qb4 g5 37. Qd4 Qe5 38. Qe3 f6 39. Bh3 Qc5 40. Qd3 b4 41. axb4 Qxb4 42. Be6 Rb6 43. Rc2 Rxc2 44. Qxc2 Rc6 45. Qd3 Rb6 46.
Rd2 a5 47. Bd5 Ba6 48. Qc2 a4 49. Ka2 Bb5 50. Qc3 Qxc3 51. bxc3 Bd7 52. Rd4 Kc7 53. Rc4+ Kd8 54. Rd4 Rb8 55. Ka3 Ke7 56. Bc4 Rc8 57. Kb4 Rh8 0-1

[Event "Late-Titled-Tuesday-Blitz-October-24-2023"]
[Site "Chess.com"]
[Date "2023.10.24"]
[Round "5"]
[White "rockstar0902"]
[Black "Blitzstream"]
[Result "1-0"]
[WhiteElo "2657"]
[BlackElo "2805"]
[TimeControl "180+1"]
[EndTime "14:56:53 PDT"]
[Termination "rockstar0902 won by checkmate"]

1. c4 c6 2. d4 d5 3. Nf3 Nf6 4.
g3 Bf5 5. Nc3 e6 6. Nh4 Be4 7.
f3 Bg6 8. Qb3 Qb6 9. c5 Qxb3 10.
axb3 Nbd7 11. b4 e5 12. e3 Be7 13. b5 O-O 14. Nxg6 hxg6 15. Bd3 Rfe8 16. O-O exd4 17.
exd4 Nf8 18. Bf4 Ne6 19. Be3 Nd7 20. Bf2 Bf6 21. Ra4 Bxd4 22. Bxd4 Ndxc5 23. Bxc5 Nxc5 24. Rd4 Re3 25. Bc2 Ne6 26. Rd3 Rxd3 27. Bxd3 Rd8 28. Ra1 Nc5 29. Bf1 Ra8 30. bxc6 bxc6 31. Ra5 Nb3 32.
Ra6 Nd4 33. Kf2 f6 34. Ra4 Nb3 35. Bh3 a5 36. Ra3 Nd4 37. b4 Nc2 38. Rxa5 Rb8 39. b5 cxb5 40. Rxb5 Ra8 41. Be6+ Kh7 42. Bxd5 Ra3 43.
Ne2 Ra1 44. Rb8 Ne1 45. Be4 f5 46. Bb1 Nxf3 47. Kxf3 Ra3+ 48. Kf2 Kh6 49. h4 Kh5 50. Bc2 Kg4 51. Bd1 Kh3 52. Nf4+ Kh2 53. Bf3 Ra2+ 54. Ne2 g5 55. Rb1 Rxe2+ 56. Bxe2 gxh4 57. gxh4 g5 58. hxg5 f4 59. Bf3 Kh3 60. Rh1# 1-0

[Event "Late-Titled-Tuesday-Blitz-October-24-2023"]
[Site "Chess.com"]
[Date "2023.10.24"]
[Round "5"]
[White "Fandorine"]
[Black "Jospem"]
[Result "1-0"]
[WhiteElo "2924"]
[BlackElo "3073"]
[TimeControl "180+1"]
[EndTime "14:57:03 PDT"]
[Termination "Fandorine won by checkmate"]

1. e4 c5 2. b3 d6 3. Bb2 a6 4. f4 Nc6 5. Nf3 e6 6. d4 Nf6 7. Nbd2 d5 8. e5 Ne4 9. dxc5 Qa5 10. a3 Nc3 11. Qc1 Qxc5 12. Bd3 b5 13. Nf1 a5 14. Qe3 d4 15. Qf2 Bb7 16. Ng3 Be7 17. O-O Rd8 18. Kh1 b4 19. f5 Kd7 20.
axb4 axb4 21. Bc4 h5 22. h4 Kc7 23. fxe6 fxe6 24. Bxe6 Rhf8 25. Nxh5 Nxe5 26. Qg3 Bd6 27. Nxe5 Bxe5 28. Qg5 Ne4 29. Qg6 Nf2+ 30. Kg1 d3 31.
Bxe5+ Qxe5 32. cxd3 Nh3+ 33. Bxh3 Qe3+ 34. Kh2 Qe5+ 35. Qg3 Qxg3+ 36. Kxg3 Rxd3+ 37. Kh2 Rh8 38. Rac1+ Kb8 39. Rc4 Rxh5 40. Rxb4 Rc5 41. Rf7 Rc7 42. Rxc7 Kxc7 43. Rg4 Bd5 44. Rxg7+ Kd6 45. b4 Rd4 46. h5 Rxb4 47. Kg3 Ke5 48. Rg5+ Kd6 49. h6 Be4 50. Bf5 Bd5 51. h7 Rb8 52. Rh5 Rh8 53.
Kh3 Ke5 54. g4 Kf4 55. Kh4 Bf7 56. Rh6 Ke5 57. Bc2 Bd5 58. Rh5+ Kd4 59. g5 Bg8 60. hxg8=Q Rxg8 61. g6 Ke3 62. Bf5 Kf4 63. Bd3 Rd8 64. Be2 Rd1 65. Bg4 Rh1+ 66. Bh3 Rg1 67. Rf5+ Ke4 68. Rg5 Rf1 69. g7 Rf4+ 70. Rg4 Kf5 71.
Rxf4+ Kg6 72. Rg4+ Kh6 73. Rg6+ Kh7 74. g8=Q# 1-0

[Event "Late-Titled-Tuesday-Blitz-October-24-2023"]
[Site "Chess.com"]
[Date "2023.10.24"]
[Round "5"]
[White "TanitoluwaAps116"]
[Black "dmitrijiIM"]
[Result "1-0"]
[WhiteElo "2659"]
[BlackElo "2878"]
[TimeControl "180+1"]
[EndTime "14:57:06 PDT"]
[Termination "TanitoluwaAps116 won by resignation"]

1. e4 c5 2. Nf3 Nc6 3. Bb5 e6 4. Bxc6 bxc6 5. b3 f6 6. O-O Ne7 7. Nh4 d5 8. d3 g6 9. Bb2 Bg7 10.
f4 O-O 11. Nd2 a5 12. a4 Ba6 13.
Kh1 Rb8 14. Qe1 Qd7 15. Rd1 Rbe8 16. Qf2 d4 17. Ba3 Qd6 18. Qg3 e5 19. f5 g5 20.
Nhf3 Nc8 21. h4 h6 22. hxg5 hxg5 23. Kg1 Kf7 24. Kf2 Rh8 25. Rh1 Nb6 26. Qg4 Nd7 27.
Rh5 Rxh5 28. Qxh5+ Kf8 29. Rh1 Qe7 30. Nf1 Qf7 31.
Qh7 Ke7 32. Qg6 Rh8 33. Rxh8 Bxh8 34. Ng3 Bg7 35. Nh5 Bf8 36. g4 Bc8 37. Nxg5 fxg5 38. Qxc6 Kd8 39. Bc1 Be7 40. Bd2 Bf6 41. Bxa5+ Ke7 42.
Qxc8 Kd6 43. Qb7 c4 44. Qc7+ Ke7 45. Bb4+ Ke8 46. Qc8+ Bd8 47. Qxc4 Qxc4 48. bxc4 Nb6 49. a5 Na4 50. a6 Bb6 51. Nf6+ Kd8 52. Nd5 Ba7 53.
f6 Ke8 54. Ke2 Kf7 55. Kd1 Nb2+ 56. Kc1 Na4 57. Kb1 Nb6 58. Nxb6 Bxb6 59. c5 Ba7 60. c6 Bb6 61. a7 Bxa7 62. c7 Bb6 63. c8=Q Bc5 64.
Bxc5 Kxf6 65. Qf5+ 1-0